 Dungeon Crawl Stone Soup version 0.20.1-1-g8b1a95d (webtiles) character file.

1139 letownia2 the Reanimator (level 8, 0/69 HPs)
             Began as a Deep Dwarf Necromancer on Nov 28, 2017.
             Slain by an orc
             ... wielding a +0 short sword
              (3 damage)
             ... on level 4 of the Dungeon.
             The game lasted 00:15:32 (4514 turns).

letownia2 the Reanimator (Deep Dwarf Necromancer)   Turns: 4514, Time: 00:15:33

Health: 0/69       AC: 12    Str: 12    XL:     8   Next: 14%
Magic:  1/13       EV: 12    Int: 18    God:
Gold:   298        SH:  0    Dex: 13    Spells: 8/14 levels left

rFire    + . .     SeeInvis .   a - +0 flail (protect)
rCold    . . .     Gourm    .   (no shield)
rNeg     . . .     Faith    .   t - +0 leather armour (curse)
rPois    .         Spirit   .   x - +0 helmet
rElec    .         Reflect  .   u - +0 cloak
rCorr    .         Harm     .   (no gloves)
MR       +....                  (no boots)
Stlth    ++........             d - amulet of rage
Regen    0.0/turn               z - ring of protection from fire
MPRegen  0.2/turn               (no ring)

@: protection aura, non-regenerating
A: damage resistance, heal wounds, sense surroundings 1, no regeneration
a: Heal Wounds, Evoke Berserk Rage


You were on level 4 of the Dungeon.
You were not hungry.

You visited 2 branches of the dungeon, and saw 7 of its levels.

You collected 298 gold pieces.

Inventory:

Hand Weapons
 a - a +0 flail of protection (weapon)
 m - a +0 dagger
Armour
 n - a +0 chain mail
 s - a +0 scale mail
 t - a cursed +0 leather armour (worn)
 u - a +0 cloak (worn)
 v - the +1 scale mail of Hedging {Str+7, unknown}
   (You found it on level 5 of the Dungeon)

   It affects your strength (+7).
 x - a +0 helmet (worn)
 E - a +0 ring mail
Jewellery
 d - an amulet of rage (around neck)
 z - a ring of protection from fire (left hand)
Wands
 i - a wand of acid (6/15)
 j - a wand of lightning (10/15)
 A - a wand of digging (8/24)
Scrolls
 k - a scroll of fog
 o - 2 scrolls of recharging
 q - a scroll of amnesia {unknown}
 w - a scroll of blinking {unknown}
 y - 2 scrolls of teleportation
 G - a scroll of magic mapping
Potions
 e - 2 potions of curing {unknown}
 f - 2 potions of haste {unknown}
 g - 2 potions of brilliance {unknown}
 r - a potion of heal wounds {unknown}
 B - a potion of ambrosia {unknown}
 D - a potion of lignification {unknown}
 H - a potion of agility {unknown}
Books
 b - a book of Necromancy

   Spells                             Type                      Level
   a - Pain                           Necromancy                   1
   b - Animate Skeleton               Necromancy                   1
   c - Vampiric Draining              Necromancy                   3
   d - Regeneration                   Charms/Necromancy            3
   e - Animate Dead                   Necromancy                   4
   f - Control Undead                 Necromancy                   4
 h - a book of Maledictions

   Spells                             Type                      Level
   a - Corona                         Hexes                        1
   b - Ensorcelled Hibernation        Hexes/Ice                    2
   c - Confuse                        Hexes                        3
   d - Tukima's Dance                 Hexes                        3
   e - Dazzling Spray                 Conjuration/Hexes            3
Comestibles
 c - 3 bread rations
 p - 2 royal jellies
 C - 5 chunks of flesh
 F - a fruit


   Skills:
 + Level 3.3 Fighting
 + Level 4.3 Armour
 - Level 2.1 Dodging
 - Level 2.4 Stealth
 - Level 3.6 Spellcasting
 + Level 8.4 Necromancy


You had 8 spell levels left.
You knew the following spells:

 Your Spells              Type           Power        Failure   Level  Hunger
a - Pain                  Necr           ####         1%          1    None
e - Ensorcelled Hibernat  Hex/Ice        #.....       28%         2    ##.....
v - Vampiric Draining     Necr           ####......   1%          3    ###....


Dungeon Overview and Level Annotations

Branches:
Dungeon (6/15)             Temple (1/1) D:6

Altars:
Ashenzari
Cheibriados
Dithmenos
Elyvilon
Fedhas
Makhleb
Nemelex Xobeh
Okawaru
Qazlal
Ru
Sif Muna
Trog
Uskayaw
Vehumet
Xom
Yredelemnul
Zin
The Shining One

Annotations:
D:3 buskinjo's ghost, amateur MiSk
D:4 1 runed door, exclusion: orc
D:5 Lanoc's ghost, novice HOSk


Innate Abilities, Weirdness & Mutations

You are resistant to damage.
You can heal yourself by infusing magical energy.
You passively map a small area around you.
You do not regenerate.


Message History

Beogh smites you!
* * * LOW HITPOINT WARNING * * *
You closely miss the orc priest.
The orc priest is heavily wounded.
The orc barely misses you. x2; The orc priest hits you with a flail.
* * * LOW HITPOINT WARNING * * *
The orc hits you with a short sword. The orc misses you.
Unknown command.
Unknown command.
You barely miss the orc priest.
The orc priest is heavily wounded.
The orc hits you with a short sword. The orc priest barely misses you.
The orc hits you but does no damage.
Unknown command.
You sock the orc priest!
You kill the orc priest!
The orc barely misses you. x2; The orc hits you but does no damage.
Unknown command.
The orc hits you with a short sword.
You die...

#...................#########.#
#..######.####.####(.(..).....#
#[.# #.###...###########.###
#..######.##.....# #<#
#.........###...## #.#
###.######### ##.## #.# ........#
#.# #.# ###.###[# #.# #.# #
#.###.# ##@## #######.# # #....>#
##.oo## #.......# # #####.#
##.....## #.####..# ######..#
##....)).###.##.#..#
........####.........##.#.....###
####.......'<........'..........)
#.......#.........##.#....####
#.#...#.##.......###......#
#.#...#.###.....## #####.##


You could see 2 orcs.

Vanquished Creatures
  Menkaure (D:5)
  A phantom (D:6)
  An ogre (D:4)
  A crimson imp (D:6)
  A bullfrog zombie (D:5)
  2 hounds
  4 orc priests
  6 orc wizards
  A bullfrog skeleton (D:4)
  A centaur skeleton (D:4)
  Ijyb (D:3)
  2 worker ants
  A hound skeleton (D:5)
  2 gnolls (D:4)
  15 adders
  2 oozes
  An adder zombie (D:5)
  5 worms
  2 dart slugs
  5 leopard geckos
  19 orcs
  A ball python (D:4)
  6 goblins
  5 hobgoblins
  3 jackals (D:6)
  7 kobolds
  A quokka (D:4)
  3 bats (D:2)
  2 frilled lizards (D:2)
  4 rats
106 creatures vanquished.

Notes
Turn   | Place    | Note
-------+----------+-------------------------------------------
     0 | D:1      | letownia2 the Deep Dwarf Necromancer began the quest for the Orb.
     0 | D:1      | Reached XP level 1. HP: 15/15 MP: 3/3
   180 | D:3      | Reached XP level 2. HP: 22/22 MP: 0/5
   362 | D:4      | Reached skill level 5 in Necromancy
   466 | D:4      | Reached XP level 3. HP: 28/28 MP: 2/6
   482 | D:4      | Learned a level 3 spell: Vampiric Draining
   485 | D:4      | Learned a level 2 spell: Ensorcelled Hibernation
   600 | D:4      | Noticed an ogre
   633 | D:4      | Reached skill level 6 in Necromancy
   633 | D:4      | Reached XP level 4. HP: 20/36 MP: 2/7
   962 | D:4      | Reached XP level 5. HP: 18/42 MP: 8/8
  1066 | D:4      | Reached skill level 7 in Necromancy
  1827 | D:4      | Found a runed door.
  1881 | D:4      | Noticed an ogre
  1894 | D:4      | Killed an ogre
  1894 | D:4      | Reached XP level 6. HP: 35/49 MP: 0/11
  2069 | D:5      | Entered Level 5 of the Dungeon
  2069 | D:5      | Noticed Lanoc's ghost (novice HOSk)
  2291 | D:5      | Reached skill level 1 in Armour
  2308 | D:5      | Noticed Menkaure
  2320 | D:5      | Killed Menkaure
  2320 | D:5      | Reached skill level 1 in Fighting
  2382 | D:5      | Reached XP level 7. HP: 20/57 MP: 5/12
  2607 | D:5      | Got a faintly humming scale mail
  2759 | D:6      | Found a stormy altar of Qazlal.
  2791 | D:6      | Noticed a dagger
  2791 | D:6      | Noticed a dagger
  2792 | D:6      | Found a hide-covered altar of Uskayaw.
  3024 | D:6      | Reached skill level 8 in Necromancy
  3252 | D:6      | Found a staircase to the Ecumenical Temple.
  3261 | Temple   | Entered the Ecumenical Temple
  3599 | D:3      | Noticed buskinjo's ghost (amateur MiSk)
  3603 | D:3      | Noticed Ijyb
  3610 | D:3      | Killed Ijyb
  4302 | D:3      | Reached XP level 8. HP: 28/69 MP: 9/13
  4510 | D:4      | HP: 3/69 [orc priest/flail (4)]
  4514 | D:4      | Slain by an orc

Skill      XL: |  1  2  3  4  5  6  7 |
---------------+----------------------+-----
Spellcasting   | 2 3 |  3.6
Necromancy     | 5 6 7 8 |  8.4
Armour         | 2 4 |  4.3
Fighting       | 1 3 |  3.3
Dodging        | |  2.1
Stealth        | |  2.4

Action                   |  1- 3 |  4- 6 |  7- 9 || total
-------------------------+-------+-------+-------++-------
Melee: Dagger            |     7 |       |       ||     7
       Flail             |       |    68 |    99 ||   167
 Cast: Pain              |    34 |    22 |    19 ||    75
       Vampiric Draining |       |    30 |    55 ||    85
 Abil: Evoke Berserk Rag |       |     1 |       ||     1
Evoke: Wand              |       |       |     2 ||     2
  Use: Scroll            |       |     3 |     3 ||     6
  Eat: Chunk             |       |     8 |    13 ||    21
Armor: Robe              |     3 |     6 |       ||     9
       Leather armour    |       |    13 |    71 ||    84
Dodge: Dodged            |    14 |    76 |   158 ||   248
